 Dungeon Crawl Stone Soup version 0.23.2-1-ga50397a (webtiles) character file.

Game seed: 274445633526584296

6773 Tallim the Basher (level 10, -27/151 HPs)
             Began as a Minotaur Berserker on May 31, 2019.
             Was an Elder of Trog.
             Annihilated by a stone giant (38 damage)
             ... on level 9 of the Dungeon.
             The game lasted 00:25:36 (9320 turns).

Tallim the Basher (Minotaur Berserker)              Turns: 9320, Time: 00:25:37

Health: -27/151    AC:  5    Str: 31    XL:     10   Next: 76%
Magic:  0/9        EV: 12    Int:  4    God:    Trog [****..]
Gold:   78         SH:  0    Dex:  9    Spells: 9/9 levels left

rFire    . . .     SeeInvis .   u - +5 club
rCold    + . .     Gourm    .   (no shield)
rNeg     . . .     Faith    .   M - +0 troll leather armour
rPois    +         Spirit   +   (helmet restricted)
rElec    .         Reflect  .   x - +0 cloak of the Ageless Gods {rPois rC+}
rCorr    .         Harm     .   (no gloves)
MR       ++...                  (no boots)
Stlth    ..........             I - amulet of guardian spirit
HPRegen  1.75/turn              (no ring)
MPRegen  0.11/turn              (no ring)

@: berserking, regenerating, very quick
A: retaliatory headbutt, horns 2
a: Berserk, Trog's Hand, Brothers in Arms, Renounce Religion


You were on level 9 of the Dungeon.
You worshipped Trog.
Trog was greatly pleased with you.
You were near starving.

You visited 1 branch of the dungeon, and saw 9 of its levels.

You collected 468 gold pieces.
You spent 390 gold pieces at shops.

Inventory:

Hand Weapons
 a - a +4 mace
 u - a +5 club (weapon)
Armour
 b - a +0 animal skin
 h - a +1 scale mail
 t - a +2 leather armour of magic resistance
 x - the +0 cloak of the Ageless Gods (worn) {rPois rC+}
   (You found it on level 5 of the Dungeon)

   It protects you from cold.
   It protects you from poison.
 E - a +1 cloak
 M - a +0 troll leather armour (worn)
Jewellery
 s - an uncursed ring of flight
 v - an uncursed amulet of the gourmand
 D - an uncursed amulet of regeneration
 I - an amulet of guardian spirit (around neck)
Wands
 z - a wand of iceblast (21)
 C - a wand of paralysis (11)
 G - a wand of disintegration (16)
 J - a wand of flame (10)
Scrolls
 e - a scroll of amnesia {unknown}
 f - 6 scrolls of identify
 g - 3 scrolls of remove curse
 j - a scroll of teleportation
 k - 2 scrolls of blinking
 n - a scroll of silence {unknown}
 w - 2 scrolls of random uselessness {unknown}
 y - a scroll of fear {unknown}
 A - 2 scrolls of magic mapping
 H - a scroll of summoning {unknown}
 N - 2 scrolls of enchant weapon
Potions
 d - 3 potions of invisibility {unknown}
 i - a potion of cancellation {unknown}
 l - 3 potions of degeneration
 m - 3 potions of heal wounds {unknown}
 o - 3 potions of lignification {unknown}
 p - 2 potions of curing {unknown}
 q - a potion of might {unknown}
 r - 2 potions of brilliance {unknown}
 B - a potion of haste {unknown}
 F - 3 potions of agility {unknown}
 K - a potion of flight {unknown}
Comestibles
 c - 12 rations
 L - a chunk of flesh


   Skills:
 + Level 13.6 Fighting
 - Level 14.0 Maces & Flails
 - Level 2.4 Armour
 - Level 2.1 Dodging


You had 9 spell levels left.
You didn't know any spells.
Your spell library was empty.

Dungeon Overview and Level Annotations

Branches:
Dungeon (9/15)             Temple (0/1) D:6
   Lair: D:8-11         Orc: D:9-12

Altars:
Cheibriados
Elyvilon
Fedhas
Gozag
Hepliaklqana
Kikubaaqudgha
Makhleb
Nemelex Xobeh
Okawaru
Qazlal
Trog
The Shining One
Beogh

Shops:
D:6 (   D:7 =

Annotations:
D:9 1 runed translucent door, goulibeur's ghost, novice DrBe


Innate Abilities, Weirdness & Mutations

You reflexively headbutt those who attack you in melee.
You have a pair of horns on your head.


Message History

Your skin crawls.
You feel resistant to hostile enchantments.
You are feeling hungry.
The stone giant misses you.
A red film seems to cover your vision as you go berserk!
You feel yourself moving faster!
You feel mighty!
You are near starving!
The stone giant hits you!!
* * * LOW HITPOINT WARNING * * *
You hit the stone giant. You headbutt the stone giant!
The stone giant is heavily wounded.
The stone giant hits you!!
* * * LOW HITPOINT WARNING * * *
You hit the stone giant but do no damage.
The stone giant is heavily wounded.
You bludgeon the stone giant!!
You headbutt the stone giant, but do no damage.
The stone giant is almost dead.
The stone giant hits you!!!
You die...

##.#..........# #........#
#####...#############'##.....#
.........†..##......†)##.....#
#####...###.##....)...##.#####
###.## #.##........##.# #...#
#.##...#######.# #.###
#.##...#..):##.# #.#
##.##...#..}}##.# #.#
##...#..@#..# ..# #.#
#.####...C.e# #.# #.#
########### #.#
#.###.#######.# #.#
#<(...........#
#.############# #.# #######
#.# #....|###.##


You could see a stone giant and a deep elf mage.

Vanquished Creatures
  A two-headed ogre (D:9)
  A queen bee (D:9)
  2 trolls (D:9)
  A meliai zombie (D:9)
  6 yaks (D:9)
  Sigmund (D:4)
  A basilisk (D:9)
  A hungry ghost (D:9)
  Duvessa (D:4)
  A black bear (D:7)
  An ice beast (D:6)
  2 phantoms
  2 orc warriors
  5 sky beasts
  5 ogres
  2 centaurs
  3 bullfrogs
  Dowan (D:4)
  A water moccasin skeleton (D:8)
  A scorpion (D:7)
  12 killer bees (D:9)
  A howler monkey (D:8)
  3 crimson imps
  A bullfrog zombie (D:7)
  A quasit (D:6)
  7 orc priests
  3 hounds
  7 orc wizards
  2 centaur skeletons
  An iguana (D:5)
  Terence (D:3)
  8 worker ants
  A killer bee zombie (D:4)
  A hound zombie (D:5)
  A hound skeleton (D:9)
  Robin (D:4)
  A howler monkey zombie (D:8)
  7 gnolls
  17 adders
  4 shadow imps
  2 adder skeletons
  2 worms
  3 dart slugs
  6 leopard geckos
  21 orcs
  5 bats
  4 giant cockroaches
  14 goblins
  7 hobgoblins
  7 jackals
  10 kobolds
  4 quokkas
  6 frilled lizards
  A jackal zombie (D:5)
  4 rats
215 creatures vanquished.

Vanquished Creatures (collateral kills)
  3 killer bees (D:9)
  An orc priest (D:9)
4 creatures vanquished.

Grand Total: 219 creatures vanquished

Notes
Turn   | Place    | Note
-------+----------+-------------------------------------------
     0 | D:1      | Tallim the Minotaur Berserker began the quest for the Orb.
     0 | D:1      | Reached XP level 1. HP: 19/19 MP: 0/0
     9 | D:1      | Reached skill level 4 in Maces & Flails
   328 | D:1      | Reached XP level 2. HP: 25/26 MP: 1/1
   793 | D:1      | Reached skill level 5 in Maces & Flails
   807 | D:1      | Reached ** piety under Trog
   878 | D:1      | Reached XP level 3. HP: 25/31 MP: 2/2
  1382 | D:2      | Found a snail-covered altar of Cheibriados.
  1472 | D:3      | Reached skill level 6 in Maces & Flails
  1472 | D:3      | Reached XP level 4. HP: 33/39 MP: 3/3
  1698 | D:3      | Noticed Terence
  1706 | D:3      | Killed Terence
  1896 | D:3      | Reached skill level 7 in Maces & Flails
  1896 | D:3      | Reached XP level 5. HP: 41/45 MP: 4/4
  2367 | D:3      | Found a roughly hewn altar of Beogh.
  2522 | D:4      | Noticed Sigmund
  2529 | D:4      | Killed Sigmund
  2529 | D:4      | Reached skill level 8 in Maces & Flails
  2529 | D:4      | Reached XP level 6. HP: 37/51 MP: 5/5
  2635 | D:4      | Reached *** piety under Trog
  2661 | D:4      | Noticed Duvessa
  2661 | D:4      | Noticed Dowan
  2667 | D:4      | Reached skill level 9 in Maces & Flails
  2670 | D:4      | Killed Duvessa
  2670 | D:4      | Reached XP level 7. HP: 57/57 MP: 6/6
  2672 | D:4      | Killed Dowan
  2672 | D:4      | Reached skill level 10 in Maces & Flails
  2786 | D:4      | Noticed Robin
  2798 | D:4      | Killed Robin
  3024 | D:4      | Reached skill level 11 in Maces & Flails
  3067 | D:4      | Found a bloodstained altar of Trog.
  3067 | D:4      | Found a glowing golden altar of the Shining One.
  3256 | D:4      | Found a transporter.
  3269 | D:4      | Found a transporter.
  3277 | D:4      | Found a sparkling altar of Nemelex Xobeh.
  3308 | D:4      | Reached XP level 8. HP: 43/64 MP: 7/7
  3661 | D:5      | Entered Level 5 of the Dungeon
  3752 | D:5      | Found a hazy altar of Hepliaklqana.
  3771 | D:5      | Reached skill level 12 in Maces & Flails
  3783 | D:5      | Reached **** piety under Trog
  4382 | D:5      | Found an ancient bone altar of Kikubaaqudgha.
  4592 | D:5      | Got a faintly glowing cloak
  4598 | D:5      | Identified the +0 cloak of the Ageless Gods {rPois rC+}
                  | (You found it on level 5 of the Dungeon)
  4916 | D:5      | Reached skill level 13 in Maces & Flails
  5280 | D:6      | Found an iron altar of Okawaru.
  5496 | D:6      | Found a staircase to the Ecumenical Temple.
  5615 | D:6      | Found a blossoming altar of Fedhas.
  5654 | D:6      | Found Xeitruc's Weapon Emporium.
  5668 | D:6      | Reached XP level 9. HP: 57/70 MP: 8/8
  5889 | D:6      | Found a burning altar of Makhleb.
  6141 | D:7      | Reached skill level 14 in Maces & Flails
  6189 | D:7      | Paralysed by a centaur for 2 turns
  6196 | D:7      | Reached skill level 5 in Fighting
  6345 | D:7      | Found Yrehak's Jewellery Shop.
  6357 | D:7      | Bought an uncursed amulet of regeneration for 390 gold
                  | pieces
  6420 | D:7      | Found an opulent altar of Gozag.
  6524 | D:7      | Found a stormy altar of Qazlal.
  6578 | D:7      | Reached ***** piety under Trog
  7498 | D:8      | Found a white marble altar of Elyvilon.
  7871 | D:9      | Noticed a queen bee
  7881 | D:9      | Reached skill level 10 in Fighting
  8150 | D:9      | Reached XP level 10. HP: 58/94 MP: 6/9
  8977 | D:9      | Found a runed translucent door.
  8979 | D:9      | Noticed goulibeur's ghost (novice DrBe)
  8989 | D:9      | Noticed a two-headed ogre
  8994 | D:9      | Killed a two-headed ogre
  9306 | D:9      | Noticed a deep elf mage
  9306 | D:9      | Noticed a stone giant
  9320 | D:9      | Annihilated by a stone giant

Skill      XL: |  1  2  3  4  5  6  7  8  9 10 |
---------------+-------------------------------+-----
Maces & Flails | 4 5 6 7 8 9 11 13 14 | 14.0
Fighting       | 10 13 | 13.6
Armour         | |  2.4
Dodging        | |  2.1

Action                   |  1- 3 |  4- 6 |  7- 9 | 10-12 || total
-------------------------+-------+-------+-------+-------++-------
Melee: Mace              |    81 |    84 |    31 |       ||   196
       Headbutt          |    10 |    11 |    74 |    26 ||   121
       Club              |       |       |   361 |   110 ||   471
Invok: Berserk           |       |     2 |     3 |     4 ||     9
       Trog's Hand       |       |     1 |     3 |     3 ||     7
       Brothers in Arms  |       |       |     1 |     2 ||     3
  Use: Scroll            |       |     8 |     6 |       ||    14
  Eat: Chunk             |     1 |     3 |    10 |     3 ||    17
       Ration            |       |     1 |     4 |     1 ||     6
Armor: Animal skin       |     8 |       |       |       ||     8
       Scale mail        |    17 |    33 |   125 |    23 ||   198
       Troll leather arm |       |       |       |     6 ||     6
Dodge: Dodged            |    37 |    44 |   173 |    49 ||   303
